 Dungeon Crawl Stone Soup version 0.30-a0-122-g2a1322497e (webtiles) character file.

Game seed: 475935085662833741

170 zishaf the Sneak (level 5, -4/28 HPs)
             Began as a Vine Stalker Brigand on Sept 16, 2022.
             Was a Believer of Uskayaw.
             Slain by a gnoll
             ... wielding a +1 flail of protection
              (6 damage)
             ... on level 4 of the Dungeon.
             The game lasted 00:03:40 (2504 turns).

zishaf the Sneak (Vine Stalker Brigand)             Turns: 2504, Time: 00:03:41

Health: -4/28      AC:  6    Str: 26    XL:     5   Next: 50%
Magic:  0/6        EV: 11    Int: 11    God:    Uskayaw [**....]
Gold:   122        SH:  0    Dex: 17    Spells: 4/4 levels left

rFire   . . .      SeeInvis .    j - +0 dagger (vamp)
rCold   . . .      Faith    .    (no shield)
rNeg    . . .      Spirit   +    k - +0 ring mail
rPois   .          Reflect  .    (no helmet)
rElec   .          Harm     .    c - +0 cloak
rCorr   .          Rampage  .    (no gloves)
Will    .....                    (no boots)
Stlth   +++.......               (no amulet)
HPRegen 0.89/turn                l - +6 ring of strength
MPRegen 0.10/turn                t - +6 ring of strength

@: no status effects
A: fangs 2, regeneration 1, magic shield, antimagic bite, no potion heal 2
a: Renounce Religion, Stomp, Line Pass


You were on level 4 of the Dungeon.
You worshipped Uskayaw.
Uskayaw was noncommittal.
You visited 1 branch of the dungeon, and saw 4 of its levels.

You collected 122 gold pieces.

Inventory:

Hand Weapons
 a - a +2 dagger
 j - a +0 vampiric dagger (weapon)
Missiles
 d - 15 poisoned darts (quivered)
 e - 3 curare-tipped darts
Armour
 b - a +0 robe
 c - a +0 cloak (worn)
 k - a +0 ring mail (worn)
Jewellery
 l - a +6 ring of strength (left hand)
 t - a +6 ring of strength (right hand)
 u - a ring of ice
Scrolls
 g - 2 scrolls of immolation {unknown}
 n - a scroll of blinking {unknown}
 p - 4 scrolls of identify {unknown}
 q - a scroll of butterflies {unknown}
 r - a scroll of magic mapping {unknown}
 w - a scroll of vulnerability {unknown}
 x - a scroll of enchant weapon {unknown}
 y - a scroll of torment {unknown}
Potions
 f - a potion of lignification {unknown}
 h - a potion of might {unknown}
 i - a potion of cancellation {unknown}
 m - a potion of resistance {unknown}
 o - a potion of heal wounds {unknown}
 s - a potion of curing {unknown}
 v - 2 potions of degeneration {unknown}
 z - a potion of haste {unknown}


   Skills:
 + Level 2.8 Fighting
 + Level 2.8 Short Blades
 + Level 2.7 Throwing
 - Level 1.0 Dodging
 + Level 5.7 Stealth
 * Level 1.2 Invocations


You had 4 spell levels left.
You didn't know any spells.
Your spell library contained the following spells:

 Spells                   Type           Power      Damage    Failure   Level
 Alistair's Intoxication  Tmut/Pois      0%         N/A       100%        5
 Lightning Bolt           Conj/Air       0%         1d11      100%        5
 Chain Lightning          Conj/Air       0%         N/A       100%        9


Dungeon Overview and Level Annotations

Branches:
Dungeon (4/15)
 Temple: D:4-7

Altars:
Uskayaw
Xom

Shops:
D:3 [


Innate Abilities, Weirdness & Mutations

You have extremely sharp teeth.
Your natural rate of healing is unusually fast.
When hurt, damage is shared between your health and your magic reserves.
Your bite disrupts and absorbs the magic of your enemies.
Potions cannot restore your health.


Message History

You hit the gnoll but do no damage. Your bite misses the gnoll.
The gnoll is severely wounded.
A quokka comes into view.
The gnoll closely misses you.
The gnoll hits you from afar with a +0 spear.
You barely miss the gnoll. You bite the gnoll, but do no damage.
The gnoll is severely wounded.
You barely miss the gnoll. You bite the gnoll. You drain its power.
You feel invigorated.
The gnoll is almost dead.
The gnoll hits you from afar with a +0 spear.
* * * LOW HITPOINT WARNING * * *
The gnoll closely misses you.
You hit the gnoll but do no damage.
The gnoll is almost dead.
The gnoll misses you.
The gnoll hits you from afar with a +0 spear.
* * * LOW HITPOINT WARNING * * *
You hit the gnoll but do no damage.
The gnoll is almost dead.
The gnoll hits you from afar with a +0 spear.
* * * LOW HITPOINT WARNING * * *
You hit the gnoll.
You feel better.
Your bite misses the gnoll.
The gnoll is lightly wounded.
The gnoll hits you but does no damage. The gnoll barely misses you.
The gnoll completely misses you.
Unknown command.
You hit the gnoll but do no damage.
The gnoll is almost dead.
The gnoll barely misses you. The gnoll completely misses you.
The gnoll barely misses you.
You hit the gnoll but do no damage. You punch the gnoll, but do no damage.
Your bite misses the gnoll.
The gnoll is almost dead.
The gnoll hits you from afar with a +0 spear!
* * * LOW HITPOINT WARNING * * *
The gnoll hits you with a +0 whip.
* * * LOW HITPOINT WARNING * * *
The gnoll hits you with a +1 flail of protection.
You die...

#..g.........
.g|.........
.g.......# g.......
..g........ #.....
.g.#..... #.....
###g.##... #.....
###.@gr##..# ###.....
##......##..###.#.....
#.......##...#........
###............##.....
#.........[..##.....
#......)))...##.....
##.#..........##....
######......###....
#........##.....


You could see 4 gnolls and a quokka.

Vanquished Creatures
  2 hounds
  An adder (D:4)
  3 gnolls (D:4)
  A worm (D:3)
  6 dart slugs
  3 orcs
  4 endoplasms
  3 giant cockroaches (D:1)
  7 hobgoblins
  2 quokkas (D:1)
  9 ball pythons
  3 bats (D:1)
  2 frilled lizards (D:1)
  2 goblins
  9 kobolds
  2 rats
59 creatures vanquished.

Notes
Turn   | Place    | Note
-------+----------+-------------------------------------------
     0 | D:1      | zishaf the Vine Stalker Brigand began the quest for the
                  | Orb.
     0 | D:1      | Reached XP level 1. HP: 11/11 MP: 2/2
   328 | D:1      | Reached skill level 1 in Dodging
   328 | D:1      | Reached skill level 5 in Stealth
   328 | D:1      | Reached XP level 2. HP: 14/15 MP: 1/3
   705 | D:1      | Reached XP level 3. HP: 18/18 MP: 4/4
  1539 | D:2      | Found a faded altar of an unknown god.
  1754 | D:3      | Found Motagav's Antique Armour Emporium.
  1858 | D:3      | Gained mutation: Your natural rate of healing is unusually
                  | fast. [Vine Stalker growth]
  1858 | D:3      | Reached XP level 4. HP: 23/23 MP: 5/5
  2186 | D:3      | Found a hide-covered altar of Uskayaw.
  2199 | D:3      | Became a worshipper of Uskayaw the Reveller
  2356 | D:3      | Found a shimmering altar of Xom.
  2404 | D:4      | Reached * piety under Uskayaw
  2407 | D:4      | Reached ** piety under Uskayaw
  2412 | D:4      | Reached XP level 5. HP: 21/27 MP: 4/6
  2414 | D:4      | Reached *** piety under Uskayaw
  2422 | D:4      | Got Ifoun's Compendium of Meteoric Forms
  2450 | D:4      | Reached skill level 1 in Invocations
  2504 | D:4      | Slain by a gnoll

Illustrated notes

Levels and vault maps discovered:
D:1:      dpeg_arrival_erosion, layout_basic, minmay_tree_intersection,
          minmay_pentomino_t2
D:2:      layout_rooms, chequers_ecumenical_altar_simple
D:3:      layout_loops_cross, nicolae_uskayaw_dance_hall,
          general_overflow_altar, serial_shops, shop
D:4:      layout_cave_pools, fedhas_altar_2,
          minmay_temple_entry_enclosed_plants, chequers_serial_rivers_room_b

Skill      XL: |  1  2  3  4  5 |
---------------+----------------+-----
Short Blades   | 2 |  2.8
Dodging        | 1 |  1.0
Stealth        | 5 |  5.7
Fighting       | 2 |  2.8
Throwing       | 2 |  2.7
Invocations    | 1 |  1.2

Action                   |  1- 3 |  4- 6 || total
-------------------------+-------+-------++-------
Melee: Dagger            |   129 |    78 ||   207
       Bite              |    34 |    23 ||    57
       Punch             |     2 |     5 ||     7
 Stab: Sleeping          |    11 |     2 ||    13
       Paralysed         |       |     1 ||     1
Armor: Robe              |    18 |       ||    18
       Ring mail         |    26 |    23 ||    49
Dodge: Dodged            |    71 |    63 ||   134

Table legend: (Time is in decaauts)
 A = Elapsed time spent in this place.
 B = Non-inter-level travel time spent in this place.
 C = Inter-level travel time spent in this place.
 D = Time resting spent in this place.
 E = Time spent auto-exploring this place.
 F = Levels seen in this place.
 G = Mean time per level.
                   A        B        C        D        E       F      G
               +--------+--------+--------+--------+--------+-----+--------+
         Total |   2478 |   2413 |     65 |     88 |   1843 |   4 |  619.5 |
       Dungeon |   2478 |   2413 |     65 |     88 |   1843 |   4 |  619.5 |
               +--------+--------+--------+--------+--------+-----+--------+

Top non-repeatable levels by time:
     D:1: 1342 daAuts
     D:3: 664 daAuts
     D:2: 354 daAuts
     D:4: 117 daAuts
